[Event "*** Titled Tuesday Blitz"]
[Site "Chess.com"]
[Date "2021.03.02"]
[Round "7"]
[White "Murad_Ibrahimli"]
[Black "Szparu"]
[Result "1-0"]
[WhiteElo "2864"]
[BlackElo "2654"]
[TimeControl "180+1"]
[EndTime "11:18:58 PST"]
[Termination "Murad_Ibrahimli won by checkmate"]

1. Nf3 Nf6 2. c4 e6 3. Nc3 d5 4. d4 Be7 5. Bg5 O-O 6. e3 c6 7. Qc2 Nbd7 8. Bd3 dxc4 9. Bxc4 b5 10. Bd3 Bb7 11. O-O a6 12. Bxf6 Nxf6 13. Ng5 h6 14. Nge4 Nd7 15. a4 f5 16. Ng3 b4 17. Nce2 c5 18. Bc4 Rf6 19. Nxf5 Rxf5 20. Bxe6+ Rf7 21.
Qg6 Qf8 22. Bxd7 Kh8 23. Rad1 c4 24. Bh3 Bd6 25. d5 Rf6 26. Qe4 Qf7 27. Qxc4 Rf8 28. f3 Qe8 29. e4 Qe5 30. f4 Rxf4 31. Nxf4 Rxf4 32. Rxf4 Qxf4 33. g3 Qe3+ 34. Kg2 a5 35. Qd3 Qc5 36. Rf1 Be5 37. b3 Qb6 38. Rf8+ Kh7 39.
Qb5 Qc7 40. Bf5+ g6 41. Bxg6+ Kxg6 42. Qe8+ Kg7 43. Rg8+ Kf6 44. Rg6# 1-0

[Event "*** Titled Tuesday Blitz"]
[Site "Chess.com"]
[Date "2021.03.02"]
[Round "7"]
[White "Chernobay_Artem"]
[Black "Grandmaster1369"]
[Result "1-0"]
[WhiteElo "2611"]
[BlackElo "2424"]
[TimeControl "180+1"]
[EndTime "11:18:58 PST"]
[Termination "Chernobay_Artem won on time"]

1. d4 Nf6 2. c4 e6 3. Nf3 Bb4+ 4. Nbd2 b6 5. a3 Bxd2+ 6. Qxd2 Bb7 7. e3 d6 8. Be2 Nbd7 9. O-O O-O 10. b4 e5 11.
Bb2 Qe7 12. Qc2 a5 13. Rad1 Ne4 14. d5 f5 15. Nd2 Nxd2 16. Qxd2 f4 17. Bg4 Bc8 18. Rde1 fxe3 19. Qxe3 Nf6 20. Bxc8 Raxc8 21. f4 Nd7 22. fxe5 Rxf1+ 23. Kxf1 Rf8+ 24. Kg1 dxe5 25. Bxe5 axb4 26. Bxc7 Qxe3+ 27. Rxe3 bxa3 28. Rxa3 Rc8 29. Ra7 g6 30. Kf2 Nf6 31. Ke3 b5 32. d6 bxc4 33. Kd4 c3 34. Kxc3 Ne4+ 35. Kd4 Nf6 36. Ke5 Nd7+ 37.
Ke6 1-0

[Event "*** Titled Tuesday Blitz"]
[Site "Chess.com"]
[Date "2021.03.02"]
[Round "7"]
[White "Problematique_99"]
[Black "Andrakhanova"]
[Result "1-0"]
[WhiteElo "2451"]
[BlackElo "2274"]
[TimeControl "180+1"]
[EndTime "11:18:58 PST"]
[Termination "Problematique_99 won by resignation"]

1. e4 c5 2. Nc3 e6 3. f4 Nc6 4. Nf3 b6 5. Bb5 Nge7 6. O-O Bb7 7. d3 a6 8. Bxc6 Nxc6 9. f5 Be7 10. fxe6 dxe6 11. Qe1 Nd4 12. Nxd4 cxd4 13. Ne2 Rc8 14. Qg3 Rg8 15. c3 dxc3 16. bxc3 Bd6 17. Bf4 Bxf4 18. Qxf4 Qc7 19. Qf2 f6 20. a4 Qc5 21. Rab1 Qxf2+ 22. Kxf2 Rc6 23. Rb3 Kd7 24. Rfb1 Kc7 25. a5 b5 26. c4 Rd8 27. Ke3 Bc8 28. cxb5 axb5 29. Nd4 Rxd4 30. Kxd4 Ba6 31. Ke3 e5 32. d4 exd4+ 33. Kxd4 Rc4+ 34. Ke3 Ra4 35. Rc1+ Kb7 36. Rd3 Rxa5 37. Rd7+ Kb6 38. Rxg7 Ra3+ 39. Kf4 h5 40.
Rf7 Ka5 41. Rxf6 Ra2 42. Rcc6 Bb7 43. Rb6 Bc8 44. Rb8 Bd7 45. Ra8+ 1-0

[Event "*** Titled Tuesday Blitz"]
[Site "Chess.com"]
[Date "2021.03.02"]
[Round "7"]
[White "Zemerovv"]
[Black "heyjohnnypark"]
[Result "0-1"]
[WhiteElo "2305"]
[BlackElo "2616"]
[TimeControl "180+1"]
[EndTime "11:19:01 PST"]
[Termination "heyjohnnypark won by resignation"]

1. d4 Nf6 2. Nf3 g6 3. b4 Bg7 4. Bb2 O-O 5. Nbd2 d5 6. e3 a5 7.
b5 c6 8. a4 Ne4 9. c4 Bg4 10.
Be2 c5 11. cxd5 Nxd2 12. Qxd2 Qxd5 13. O-O e5 14. e4 Qxe4 15. dxc5 Nd7 16. Rac1 Qxa4 17.
c6 bxc6 18. bxc6 Bxf3 19. Bxf3 Nb6 20. c7 e4 21. Bd1 Qd7 22. Qxd7 Nxd7 23. Ba3 Rfc8 24.
Bg4 f5 25. Rfd1 Ne5 26. Be2 Kf7 27. Bd6 Ke6 28. Bxe5 Bxe5 29. Rc6+ Ke7 30. Bc4 Rxc7 31. Rxc7+ Bxc7 32. Bb5 Bd6 33. g3 a4 34. Ra1 a3 35.
Ra2 Rb8 36. Bc4 Bc5 37. Kg2 Rb4 38. Bg8 Rb2 39. Rxb2 axb2 40. Ba2 Kd6 41. Bb1 Ke5 42. h3 Kd4 43. h4 Kc3 44. g4 Kd2 45. gxf5 gxf5 46.
Kg3 Bd6+ 47. Kg2 Kc1 48. Ba2 b1=Q 49. Bxb1 Kxb1 50. h5 Kc2 51. Kf1 Kd2 52. Kg2 f4 53.
Kh3 e3 54. Kg4 exf2 55. Kf5 f1=Q 56. Kf6 f3 0-1

[Event "*** Titled Tuesday Blitz"]
[Site "Chess.com"]
[Date "2021.03.02"]
[Round "7"]
[White "zajka-molotok"]
[Black "paulrusan"]
[Result "1-0"]
[WhiteElo "2478"]
[BlackElo "2330"]
[TimeControl "180+1"]
[EndTime "11:19:01 PST"]
[Termination "zajka-molotok won by resignation"]

1. b4 e5 2. Bb2 Bxb4 3. Bxe5 Nf6 4. e3 O-O 5. Nf3 Re8 6. Be2 d5 7. O-O c5 8. d3 Nc6 9. Bb2 Bg4 10. Nbd2 Qd6 11.
h3 Bh5 12. c4 Rad8 13. cxd5 Nxd5 14. Nc4 Qg6 15. Qb3 Nf4 16. exf4 Bxf3 17. Bxf3 Rxd3 18. Qc2 Nd4 19. Bxd4 Rxd4 20. Qxg6 hxg6 21. Ne5 Rxf4 22. Nd3 Rd4 23. Nxb4 Rxb4 24. Rab1 Rxb1 25. Rxb1 b6 26.
a4 Re6 27. a5 Rd6 28. a6 f5 29.
Kf1 Kf7 30. Ke2 Ke6 31. Bb7 Kd7 32. Rd1 Rxd1 33. Kxd1 b5 34. Kc2 Kc7 35. h4 Kb6 36. g3 Ka5 37. Kb3 Kb6 38. f3 Ka5 39. g4 Kb6 40. g5 Ka5 41. Bc6 Kxa6 42. Be8 f4 43. Bxg6 Kb6 44. h5 a5 45. h6 gxh6 46. gxh6 a4+ 47.
Ka3 Ka5 48. h7 b4+ 49. Ka2 c4 50. h8=Q c3 51. Qe5+ Kb6 52. Qd4+ 1-0

[Event "*** Titled Tuesday Blitz"]
[Site "Chess.com"]
[Date "2021.03.02"]
[Round "7"]
[White "BJthechessgod"]
[Black "Chimpinha"]
[Result "1-0"]
[WhiteElo "2262"]
[BlackElo "2399"]
[TimeControl "180+1"]
[EndTime "11:19:01 PST"]
[Termination "BJthechessgod won by resignation"]

1. e4 e6 2. d4 d5 3. Nc3 Nf6 4. e5 Nfd7 5. f4 c5 6. Nf3 Nc6 7. Be3 cxd4 8. Nxd4 Bc5 9. Nxc6 bxc6 10. Bxc5 Nxc5 11. Qd4 Nd7 12. b4 a5 13. b5 c5 14.
Qd2 Bb7 15. a4 d4 16. Nd1 Nb6 17. Nb2 Qd5 18. Qd3 g5 19. Nc4 Nxc4 20. Qxc4 Qe4+ 21. Qe2 gxf4 22. Qxe4 Bxe4 23. Bd3 Bxg2 24. Rg1 Bd5 25. Rg4 f3 26. Kf2 Ke7 27. Rag1 h5 28. Rg7 c4 29. Bg6 Raf8 30. b6 Rhg8 31. Bxh5 Rxg7 32. Rxg7 Bc6 33. Rg4 Rd8 34. Rf4 Be8 35. b7 d3 36. Rxc4 d2 37.
Bxf3 f6 38. Rc8 Bc6 39. Rxd8 Bxb7 40. Rxd2 Bc8 41. exf6+ Kxf6 42. h4 e5 43. h5 Be6 44.
Rd6 Ke7 45. Ra6 Bf5 46. Rxa5 Bxc2 47. Rxe5+ Kf6 48. Rc5 Bf5 49. Rc6+ 1-0

[Event "*** Titled Tuesday Blitz"]
[Site "Chess.com"]
[Date "2021.03.02"]
[Round "7"]
[White "Natalya_Buksa"]
[Black "Fighter008"]
[Result "1-0"]
[WhiteElo "2514"]
[BlackElo "2628"]
[TimeControl "180+1"]
[EndTime "11:19:02 PST"]
[Termination "Natalya_Buksa won by resignation"]

1. d4 c5 2. d5 d6 3. c4 e5 4. e4 g6 5. Nc3 Bg7 6. h4 Nf6 7. Be2 h5 8. Bg5 a6 9. f3 Nbd7 10. Qd2 Qc7 11. Nh3 Rb8 12. Nf2 Nf8 13. g4 N8h7 14.
Bh6 Bxh6 15. Qxh6 Qe7 16. Qd2 Nf8 17. O-O-O Bd7 18. a4 Kd8 19. b3 Kc7 20. Kc2 Ne8 21. gxh5 Rxh5 22. f4 Rxh4 23. fxe5 Rxh1 24. exd6+ Nxd6 25. Rxh1 Re8 26. Qf4 g5 27. Qg3 Ng6 28. Nd3 Kc8 29. Bf3 f5 30. Nxc5 f4 31. Qg2 Ne5 32. Nxd7 Qxd7 33. Bh5 Rf8 34. Qxg5 Ndf7 35. Bxf7 Nxf7 36.
Qxf4 Qe7 37. Qf5+ Kb8 38. Rf1 Ka7 39. Qf6 Qc7 40. e5 Qc5 41. Qf2 b6 42. Qxc5 bxc5 1-0

[Event "*** Titled Tuesday Blitz"]
[Site "Chess.com"]
[Date "2021.03.02"]
[Round "7"]
[White "catzapto"]
[Black "AttackSparrow"]
[Result "0-1"]
[WhiteElo "2092"]
[BlackElo "2548"]
[TimeControl "180+1"]
[EndTime "11:19:02 PST"]
[Termination "AttackSparrow won by resignation"]

1. e4 c5 2. Nf3 e6 3. c3 Nf6 4. e5 Nd5 5. d4 cxd4 6. cxd4 d6 7.
Nc3 Nxc3 8. bxc3 Qc7 9. Bd2 Nd7 10. Bb5 a6 11. Bxd7+ Bxd7 12. O-O Be7 13. Re1 O-O 14. exd6 Bxd6 15. Ne5 Rac8 16. Nxd7 Qxd7 17. Qf3 Bb8 18. Rab1 b5 19. a4 bxa4 20. Rb7 Rc7 21. Reb1 Rxb7 22.
Rxb7 Qc8 23. Rb4 a3 24. Ra4 Bd6 25. Bc1 Qb8 26. c4 Qb1 27. Qc3 Bf4 28. Rxa3 Qxc1+ 29. Qxc1 Bxc1 30. Rxa6 Rc8 31. c5 Bb2 32. Rd6 Kf8 33.
Kf1 Ke7 34. Ke2 Rd8 35. Rxd8 Kxd8 36. Kd3 Kd7 37. Ke4 Kc6 38. g4 h6 39. f4 Bc3 40.
h4 Bb2 41. h5 Bc3 42. f5 exf5+ 43. gxf5 f6 44. Kd3 Bb2 45. Kc4 Bc1 46. d5+ Kd7 47. Kb5 Be3 48. c6+ Kd6 49. Ka6 Kc7 50. Kb5 Bf4 51.
Kc5 Bd6+ 52. Kb5 Be7 53. Ka6 Kd6 54. Kb7 Bd8 55. Kc8 Ba5 56. Kb8 Kxd5 57. c7 Bxc7+ 58. Kxc7 Ke5 59. Kd7 Kxf5 60. Ke7 Kg5 61. Kf7 Kxh5 62.
Kxg7 f5 63. Kf6 f4 64. Ke5 f3 65. Kf4 f2 66. Kg3 f1=Q 67. Kh2 Qf5 68. Kg3 Kg6 69. Kh2 Qg5 70. Kh3 Kf5 71. Kh2 Kf4 72.
Kh3 Kf3 0-1

[Event "*** Titled Tuesday Blitz"]
[Site "Chess.com"]
[Date "2021.03.02"]
[Round "7"]
[White "Kozok"]
[Black "maheswaran26"]
[Result "1-0"]
[WhiteElo "2458"]
[BlackElo "2284"]
[TimeControl "180+1"]
[EndTime "11:19:03 PST"]
[Termination "Kozok won on time"]

1. e4 c6 2. d4 d5 3. e5 Bf5 4.
Nf3 e6 5. Be2 Ne7 6. O-O Nd7 7.
Re1 a6 8. Nbd2 c5 9. c3 h6 10. Nb3 Nc6 11. Be3 c4 12. Nbd2 Be7 13. a4 b5 14. b4 O-O 15. a5 Nxb4 16. cxb4 Bxb4 17. Qc1 Bxa5 18. h3 b4 19. Nb1 b3 20. Bd2 Bxd2 21. Nfxd2 Qb6 22. Qc3 a5 23. g4 Bh7 24.
f4 f6 25. Bf3 fxe5 26. fxe5 Qb4 27. Qxb4 axb4 28. Rxa8 Rxa8 29. Nxc4 Ra1 30. Ncd2 b2 31. Kf2 Nb6 32. Ke3 Na4 33. Be2 Nc3 34. Bd3 Bxd3 35. Kxd3 Kf7 36. Kc2 Ke7 37. Kxb2 Ra2+ 38. Kb3 1-0

[Event "*** Titled Tuesday Blitz"]
[Site "Chess.com"]
[Date "2021.03.02"]
[Round "7"]
[White "MirMan90"]
[Black "Duhless"]
[Result "0-1"]
[WhiteElo "2741"]
[BlackElo "3063"]
[TimeControl "180+1"]
[EndTime "11:19:04 PST"]
[Termination "Duhless won by resignation"]

1. e4 e5 2. Nf3 Nc6 3. d4 exd4 4. Nxd4 Nf6 5. Nxc6 bxc6 6. e5 Qe7 7. Qe2 Nd5 8. c4 Qb4+ 9. Qd2 Nb6 10. Qxb4 Bxb4+ 11. Bd2 Be7 12. Nc3 d6 13. exd6 cxd6 14. O-O-O O-O 15. Be2 Be6 16. b3 d5 17. cxd5 Nxd5 18. Nxd5 Bxd5 19. f3 Rfe8 20. Ba6 Bd6 21. Kc2 h5 22. h4 Re6 23.
Rhe1 Bg3 24. Rxe6 fxe6 25. Bg5 Rb8 26. Bd3 Kf7 27. Be3 a5 28. Bd2 a4 29. bxa4 Bxa2 30. Ra1 Bb3+ 31. Kc1 Bxh4 32. a5 Bf6 33. Rb1 Be7 34.
Bf4 Rb4 35. Be3 c5 36. a6 c4 37. a7 Ra4 38. Rxb3 cxb3 39. Be4 Bg5 40. Bxg5 Rxa7 41. g3 Ra2 42. Kb1 Rg2 43. Bf4 g5 44. Bxg5 Rxg3 45. Bh4 Rg2 46. f4 Rg4 47. Bg5 h4 48. Kb2 h3 0-1

[Event "*** Titled Tuesday Blitz"]
[Site "Chess.com"]
[Date "2021.03.02"]
[Round "7"]
[White "lagedema"]
[Black "elextranjero00"]
[Result "0-1"]
[WhiteElo "2516"]
[BlackElo "2646"]
[TimeControl "180+1"]
[EndTime "11:19:04 PST"]
[Termination "elextranjero00 won on time"]

1. d4 Nf6 2. Bg5 e6 3. e4 h6 4.
Bxf6 Qxf6 5. c3 d6 6. Bd3 g6 7. Ne2 e5 8. O-O Bg7 9. f4 Qe7 10. Nd2 O-O 11. Nf3 Nd7 12. Qd2 b6 13. Rae1 Bb7 14. Ng3 c5 15. fxe5 dxe5 16. d5 c4 17. Bc2 Qd6 18. h4 b5 19. h5 a5 20. Nh4 Ra6 21. Bd1 Nf6 22. Kh2 Kh7 23.
Rf2 Bc8 24. Ref1 Qd8 25. a4 Nxh5 26. Nf3 Nxg3 27. Kxg3 Bd7 28. axb5 Bxb5 29. Rh1 h5 30. Ng5+ Kg8 31. Nf3 Rf6 32. Qe3 Rf4 33. Kh2 h4 34. Kg1 Bd7 35. Nd2 Bh6 36. Qe2 Rxf2 37. Qxf2 Qg5 38. Nxc4 Bb5 39. Nd6 Bd7 40. Nc4 h3 41. g3 Qe7 42. Kh2 Bg5 0-1

[Event "*** Titled Tuesday Blitz"]
[Site "Chess.com"]
[Date "2021.03.02"]
[Round "7"]
[White "GLeruste"]
[Black "KetiGrant"]
[Result "1-0"]
[WhiteElo "2491"]
[BlackElo "2350"]
[TimeControl "180+1"]
[EndTime "11:19:04 PST"]
[Termination "GLeruste won on time"]

1. d4 Nf6 2. Nc3 d5 3. Bf4 a6 4. e3 g6 5. Be2 Bg7 6. h4 h5 7.
Nf3 Nbd7 8. Ne5 c5 9. Nxd7 Bxd7 10. dxc5 Qa5 11. Qd4 O-O 12. b4 Qa3 13. Be5 Qb2 14. Rb1 Qxc2 15. Bd3 Qxf2+ 16. Kxf2 Ng4+ 17. Ke2 Bxe5 18. Qxd5 Be6 19. Qxb7 Bxc3 20. Rhc1 Bf6 21. c6 Bxa2 22.
c7 Bxb1 23. c8=Q Bxd3+ 24. Kxd3 Raxc8 25. Rxc8 Bxh4 26. Rxf8+ Kxf8 27. Qxa6 Bg5 28. b5 Bxe3 29. b6 Bf4 30. Qc8+ Kg7 31. b7 Ne3 32. b8=Q Bxb8 33. Kxe3 Bd6 34. Ke4 Kh7 35. Qc3 Kg8 36. Qb3 Kg7 37.
Kf3 Be5 38. Qe3 Bf6 39. Qe4 e6 40. Qb7 Be5 41. Ke4 Bf6 42. Kd3 Be5 43. Kc4 Bf6 44. Kc5 Be5 45. Kc6 Bf6 46. Kd7 Kf8 47. Qc8+ Kg7 48. Ke8 1-0

[Event "*** Titled Tuesday Blitz"]
[Site "Chess.com"]
[Date "2021.03.02"]
[Round "7"]
[White "bakki78"]
[Black "wonderfultime"]
[Result "0-1"]
[WhiteElo "2788"]
[BlackElo "2924"]
[TimeControl "180+1"]
[EndTime "11:19:05 PST"]
[Termination "wonderfultime won on time"]

1. e4 c5 2. Nf3 Nf6 3. e5 Nd5 4. g3 g6 5. Bg2 Bg7 6. O-O O-O 7. c3 Nc6 8. Re1 d6 9. exd6 Qxd6 10. Na3 Rd8 11. Nc4 Qc7 12. a4 Bf5 13. Qb3 h6 14.
Nh4 Bd3 15. Bxd5 Rxd5 16. Nb6 axb6 17. Qxd5 Rd8 18. Qg2 c4 19. b4 cxb3 20. Ba3 e6 21. Nf3 Na5 22. Nd4 Nc4 23. Nxb3 e5 24. Nc1 Nxd2 25. Nxd3 Rxd3 26. Red1 e4 27. Bb4 Qd7 28. Kh1 h5 29. a5 bxa5 30. Rxa5 Kh7 31. h4 Qg4 32. Rda1 Nf3 33. R5a2 Qd7 34. Rf1 Qf5 35.
Raa1 Rd2 36. Rad1 Re2 37. Ra1 e3 38. Rad1 Qg4 39. Bc5 exf2 40. Rxf2 Rxf2 41. Bxf2 Nxh4 42. Rd4 Nxg2 43. Rxg4 hxg4 44. Kxg2 Bxc3 0-1

[Event "*** Titled Tuesday Blitz"]
[Site "Chess.com"]
[Date "2021.03.02"]
[Round "7"]
[White "Shuvalov"]
[Black "kingofthenil"]
[Result "1-0"]
[WhiteElo "2554"]
[BlackElo "2808"]
[TimeControl "180+1"]
[EndTime "11:19:05 PST"]
[Termination "Shuvalov won by resignation"]

1. Nf3 Nf6 2. c4 e6 3. g3 d5 4. Bg2 Be7 5. O-O O-O 6. b3 c5 7. Bb2 d4 8. e3 Nc6 9. exd4 cxd4 10. Re1 Ng4 11. d3 f6 12. Ba3 e5 13. Bxe7 Qxe7 14. a3 a5 15. Nbd2 Be6 16. Nh4 Nh6 17. f4 Ng4 18. Nf1 Qd7 19. Rb1 g5 20. fxg5 fxg5 21.
Nf3 Qg7 22. b4 axb4 23. axb4 Ra2 24. Re2 Rxe2 25. Qxe2 Qf6 26. b5 Ne7 27. h3 Nh6 28. Qxe5 Qxe5 29. Nxe5 b6 30. Nf3 Bxh3 31. Nxd4 Bxg2 32.
Kxg2 Ng4 33. Ne6 Rf2+ 34. Kg1 Nf5 35. c5 Re2 36. Nxg5 Nd4 37. cxb6 Ra2 38. b7 Ne2+ 39. Kg2 Nd4+ 40. Kh3 h5 41. b8=Q+ Kg7 42. Qc7+ Kg6 43.
Qf7+ Kxg5 44. Qxa2 Nf3 45. Qg8+ Kh6 46. Qxg4 Ng1+ 47.
Kg2 1-0

[Event "*** Titled Tuesday Blitz"]
[Site "Chess.com"]
[Date "2021.03.02"]
[Round "7"]
[White "zimmm36"]
[Black "Caracternin123"]
[Result "1-0"]
[WhiteElo "2354"]
[BlackElo "2603"]
[TimeControl "180+1"]
[EndTime "11:19:06 PST"]
[Termination "zimmm36 won by checkmate"]

1. d4 Nf6 2. c4 b6 3. Nc3 Bb7 4. f3 d5 5. cxd5 Nxd5 6. e4 Nxc3 7. bxc3 e5 8. Be3 exd4 9. cxd4 Bb4+ 10. Kf2 O-O 11. Bc4 c5 12. Ne2 Qc8 13. d5 Nd7 14.
Bf4 a6 15. a3 Ba5 16. a4 Qe8 17. Bd6 Ne5 18. Ba2 b5 19. Bxc5 f5 20. Bxf8 Bb6+ 21. Kf1 Qxf8 22. axb5 fxe4 23. Nd4 exf3 24. Nxf3 Ng4 25. Qd2 Ne3+ 26. Ke2 Re8 27. Qd3 Nxg2+ 28. Kd2 Be3+ 29. Kc2 Rc8+ 30. Kb2 Qxf3 31. Raf1 Qg4 32. Bb3 Qb4 33. d6+ Kh8 34. Rd1 Bf4 35. d7 Be5+ 36. Kb1 Rd8 37. Rhf1 Nf4 38. Qc4 Be4+ 39. Kc1 Qa3+ 40. Kd2 Qb2+ 41. Ke3 Bg6 42. Rxf4 Bxf4+ 43. Kxf4 Qf2+ 44. Ke5 Qf6+ 45. Kd5 Rxd7+ 46. Kc5 Rxd1 47.
Qg8# 1-0

[Event "*** Titled Tuesday Blitz"]
[Site "Chess.com"]
[Date "2021.03.02"]
[Round "7"]
[White "Shahaliyev"]
[Black "UmarovSabir"]
[Result "1-0"]
[WhiteElo "2684"]
[BlackElo "2304"]
[TimeControl "180+1"]
[EndTime "11:19:06 PST"]
[Termination "Shahaliyev won on time"]

1. e4 g6 2. h4 d5 3. exd5 Qxd5 4. Nc3 Qa5 5. h5 Bg7 6. Bc4 Nc6 7. d3 Ne5 8. hxg6 hxg6 9. Rxh8 Bxh8 10. Bb3 Bg4 11. f3 Bd7 12. Ne2 O-O-O 13. Bf4 Nf6 14. Qd2 Bc6 15.
Bxe5 Qxe5 16. Bxf7 g5 17. O-O-O g4 18. d4 Qa5 19.
fxg4 Nxg4 20. Be6+ Bd7 21. Bxd7+ Rxd7 22. Qf4 Nf6 23. g4 Nd5 24. Qf8+ Rd8 25. Qf5+ Kb8 26. Nxd5 Qxd5 27. Qxd5 Rxd5 28. Rf1 Bf6 29. Rf5 Rxf5 30. gxf5 c6 31. Kd2 Kc7 32. Kd3 Kd6 33. Nf4 Bg5 34.
Ne6 Bc1 35. b3 b5 36. c4 bxc4+ 37. bxc4 Bh6 38. Ke4 a6 39. a4 a5 40. Nc5 Bd2 41.
Nb7+ Kc7 42. Nc5 Kd6 43. Nb3 Bb4 44. Nc1 Bd2 45. Nd3 Bc3 46. Nf4 Bb2 47. c5+ Kd7 48. Ke5 Bc3 49. Ne2 Bd2 50. d5 cxd5 51. Kxd5 Kc7 52. Nd4 Bg5 53. Ne6+ 1-0

[Event "*** Titled Tuesday Blitz"]
[Site "Chess.com"]
[Date "2021.03.02"]
[Round "7"]
[White "VFernandezB"]
[Black "GianmarcoVaR"]
[Result "0-1"]
[WhiteElo "2486"]
[BlackElo "2635"]
[TimeControl "180+1"]
[EndTime "11:19:07 PST"]
[Termination "GianmarcoVaR won by resignation"]

1. e4 c5 2. Nf3 d6 3. d4 cxd4 4. Nxd4 Nf6 5. Nc3 a6 6. Bg5 e6 7. f4 h6 8. Bh4 Qb6 9. Nb3 Qe3+ 10. Qe2 Qxf4 11. Bg3 Qg5 12. Rd1 e5 13. Qf2 Bg4 14.
Be2 Bxe2 15. Qxe2 Nbd7 16. O-O Be7 17. Rf5 Qg6 18. Na5 Rb8 19. Nc4 O-O 20. Nxd6 Rfd8 21. Nc4 Bc5+ 22. Kh1 Bd4 23. Nxe5 Nxe5 24. Bxe5 Bxe5 25.
Rxe5 Rxd1+ 26. Qxd1 Ng4 27. Rf5 Qxf5 28. exf5 Nf2+ 29.
Kg1 Nxd1 30. Nxd1 Rd8 31. Ne3 Kf8 32. Kf2 Ke7 33. Kf3 Rd2 34. h4 h5 35. Ke4 b5 36.
a3 Re2 37. Kf3 Re1 38. Kf4 Rb1 39. b4 Ra1 40. c4 Rxa3 41. c5 Kd7 42. Nd5 Rd3 43.
Ke4 Rg3 44. Nf4 Rg4 45. Ke5 Rxh4 46. g3 Rh2 47. f6 g6 48. Kd5 Rb2 49. c6+ Kc7 50.
Nd3 Rd2 51. Ke4 Rxd3 52. Kxd3 g5 53. Ke4 h4 54. gxh4 gxh4 55. Kf4 a5 56. Kg4 axb4 0-1

[Event "*** Titled Tuesday Blitz"]
[Site "Chess.com"]
[Date "2021.03.02"]
[Round "7"]
[White "indfraeng"]
[Black "wadsy27"]
[Result "0-1"]
[WhiteElo "2395"]
[BlackElo "2536"]
[TimeControl "180+1"]
[EndTime "11:19:07 PST"]
[Termination "wadsy27 won by checkmate"]

1. d4 Nf6 2. c4 c5 3. d5 e6 4. g3 exd5 5. cxd5 d6 6. Bg2 g6 7. Nf3 Bg7 8. O-O O-O 9. Nc3 a6 10. a4 Nbd7 11. h3 Re8 12. Nd2 Nh5 13. Nc4 Ne5 14.
Na3 Bd7 15. a5 Rb8 16. e4 b5 17. axb6 Bb5 18. g4 Bxf1 19. Kxf1 Nf6 20. f4 Nfd7 21. fxe5 Nxe5 22. Qe2 Qxb6 23. Nc4 Nxc4 24. Qxc4 Ra8 25. Na4 Qb5 26. Qe2 Qb4 27. Bd2 Qb3 28. Bc3 Rab8 29. Bxg7 Kxg7 30. Ra3 Qb4 31. Qd3 Re5 32. Bf3 c4 33.
Qc2 a5 34. Rc3 Rc8 35. Be2 f5 36. gxf5 gxf5 37. exf5 Rf8 38. Bg4 h5 39. Qd1 hxg4 40. Qxg4+ Kf7 41. Qg6+ Ke7 42. Qg5+ Rf6 43. Qg7+ Rf7 44.
Qg5+ Kd7 45. Rf3 Qxa4 46. Qg6 Qd1+ 47. Kg2 Re2+ 48. Kg3 Qg1+ 49. Kf4 Qxg6 50. Rg3 Rxf5# 0-1

[Event "*** Titled Tuesday Blitz"]
[Site "Chess.com"]
[Date "2021.03.02"]
[Round "7"]
[White "Matensien"]
[Black "andrzej"]
[Result "0-1"]
[WhiteElo "2483"]
[BlackElo "2368"]
[TimeControl "180+1"]
[EndTime "11:19:07 PST"]
[Termination "andrzej won by checkmate"]

1. d4 Nf6 2. c4 c5 3. Nf3 cxd4 4. Nxd4 Nc6 5. Nc3 g6 6. g3 Bg7 7. Bg2 O-O 8. O-O Qa5 9. Nb3 Qh5 10. e4 d6 11. Qxh5 Nxh5 12. Nd5 Bd7 13. c5 dxc5 14. Nxc5 Bc8 15. Bg5 b6 16. Nb3 Bb7 17. Rac1 e6 18. Rxc6 exd5 19. Rc7 Ba6 20. Rd1 dxe4 21. Bxe4 Rac8 22.
Rxa7 Bc4 23. Nd4 f6 24. Be3 f5 25. Bf3 Rfd8 26. Nxf5 gxf5 27. Bxh5 Bxb2 28. Rxd8+ Rxd8 29. Bf3 Bd4 30. Bxd4 Rxd4 31. Rc7 Bxa2 32. Rb7 Rb4 33. h4 Bc4 34. h5 h6 35. Bc6 b5 36. Kh2 Kf8 37.
Bd7 Bd3 38. Be6 Be4 39. Rf7+ Ke8 40. Rh7 Rb1 41. g4 f4 42. f3 Bxf3 43. g5 Rh1# 0-1

[Event "*** Titled Tuesday Blitz"]
[Site "Chess.com"]
[Date "2021.03.02"]
[Round "7"]
[White "AsaHoffmann"]
[Black "atalz0"]
[Result "0-1"]
[WhiteElo "2301"]
[BlackElo "2467"]
[TimeControl "180+1"]
[EndTime "11:19:07 PST"]
[Termination "atalz0 won by resignation"]

1. d4 Nf6 2. Bg5 c5 3. d5 Ne4 4. Bc1 g6 5. f3 Nd6 6. e4 Bg7 7. Be3 Bxb2 8. Nd2 Bxa1 9. Qxa1 f6 10. Bd3 b6 11. Ne2 Ba6 12. c4 Nf7 13. f4 d6 14.
O-O Nd7 15. Nf3 O-O 16. h4 Kg7 17. a4 h5 18. Kh2 Nh6 19. Bd2 Kh7 20. Qb1 Rg8 21. Ng3 Bc8 22. Re1 Nf8 23. e5 Bg4 24. f5 dxe5 25. Bxh6 Kxh6 26. fxg6 Nxg6 27. Nf5+ Bxf5 28.
Bxf5 Nf4 29. g3 Rxg3 30. Kxg3 Qg8+ 31. Kf2 Qg2+ 32. Ke3 Qg3 33. Rg1 Ng2+ 34. Rxg2 Qxg2 35. Be4 Rg8 36. Qd1 Rg3 37. d6 exd6 38. Qxd6 Qg1+ 39. Ke2 Rg2+ 40. Kd3 Qd1+ 41. Ke3 Qxd6 42. Bd5 Qf8 43. Nd2 Rg3+ 44. Kf2 Qg7 45. Nf3 Rg4 46. Be6 Rf4 47. Ke3 Rxf3+ 48. Kxf3 Qe7 49. Bd5 f5 0-1

[Event "*** Titled Tuesday Blitz"]
[Site "Chess.com"]
[Date "2021.03.02"]
[Round "7"]
[White "ChessNinja48"]
[Black "mbojan"]
[Result "0-1"]
[WhiteElo "2421"]
[BlackElo "2610"]
[TimeControl "180+1"]
[EndTime "11:19:08 PST"]
[Termination "mbojan won by resignation"]

1. d4 e6 2. Nf3 d6 3. c4 Ne7 4.
Nc3 g6 5. e4 b6 6. Be3 Bg7 7. Be2 Bb7 8. O-O Nd7 9. Nd2 O-O 10. f4 f5 11. e5 d5 12. Bf3 c6 13.
b4 Rf7 14. a4 Bf8 15. Qb3 dxc4 16. Nxc4 Nd5 17. Nxd5 cxd5 18. Nd2 a5 19. bxa5 Ba6 20. axb6 Bxf1 21. b7 Rb8 22. Nxf1 Qa5 23. Rb1 h6 24. Qb5 Qa7 25. a5 Nc5 26. a6 Nxa6 27. Qc6 Rbxb7 28.
Ra1 Rb6 29. Qc8 Qb7 30. Qe8 Nc7 31. Qa4 Ra6 32. Qd1 Rxa1 33. Qxa1 Nb5 34. Qe1 Na3 35. Qf2 Nc4 36. h4 Rg7 37. Bc1 h5 38.
Qc2 Qa7 39. Qc3 Qb7 40. Ng3 Qb4 41. Qc2 Qe1+ 42. Kh2 Qb4 43. Ne2 Qb7 44. Qxc4 dxc4 45. Bxb7 Rxb7 46. Kg3 Rb1 47. Kf2 Bb4 48. Ke3 Kf7 49. Bd2 Rb3+ 0-1

[Event "*** Titled Tuesday Blitz"]
[Site "Chess.com"]
[Date "2021.03.02"]
[Round "7"]
[White "Moon_stone123"]
[Black "Unknown_IM"]
[Result "1-0"]
[WhiteElo "2511"]
[BlackElo "2370"]
[TimeControl "180+1"]
[EndTime "11:19:08 PST"]
[Termination "Moon_stone123 won by resignation"]

1. Nf3 d5 2. g3 c5 3. Bg2 Nc6 4. d4 cxd4 5. Nxd4 e5 6. Nxc6 bxc6 7. O-O Nf6 8. c4 Be6 9. Nc3 Rc8 10. Qa4 Qd7 11.
Bg5 d4 12. Bxf6 gxf6 13. Ne4 Be7 14. b3 c5 15. Qa5 f5 16. Nd2 Qc7 17. Qa6 Qb6 18.
Qa4+ Bd7 19. Qa3 O-O 20. Bd5 Be6 21. Rac1 e4 22. g4 Kh8 23. Kh1 Rg8 24. gxf5 Bxf5 25. Nxe4 Qh6 26. Ng3 Bd6 27. b4 Bf4 28. Rcd1 Rcd8 29.
Qf3 Rg4 30. bxc5 Bxg3 31. fxg3 Rxd5 32. cxd5 Be4 33. Kg2 Bxf3+ 34. Rxf3 Qh5 35. d6 Qxc5 36. d7 Qd6 37. Rxf7 Qd5+ 38. Kg1 Rg8 39. Rdf1 d3 40. exd3 Qxd3 41. Kg2 Qd5+ 42. Kg1 h5 43. R1f5 Qd4+ 44. Kg2 Qd2+ 45. Kh3 Qd1 46. Kg2 h4 47. Rf4 Qe2+ 48.
Kh3 hxg3 49. Rh4+ 1-0

[Event "*** Titled Tuesday Blitz"]
[Site "Chess.com"]
[Date "2021.03.02"]
[Round "7"]
[White "stepakyedael"]
[Black "RamyresCoelho"]
[Result "1/2-1/2"]
[WhiteElo "2323"]
[BlackElo "2072"]
[TimeControl "180+1"]
[EndTime "11:19:08 PST"]
[Termination "Game drawn by repetition"]

1. d4 c5 2. d5 e6 3. c4 d6 4. Nc3 Nf6 5. e4 e5 6. Nge2 a6 7. a4 Be7 8. Ng3 O-O 9. Bd3 Bg4 10. f3 Bc8 11. Be3 Ne8 12. Qd2 g6 13. O-O-O b5 14.
cxb5 axb5 15. Bxb5 f5 16. Bh6 Nc7 17. Bxf8 Bg5 18.
Bh6 Bxd2+ 19. Bxd2 Nxb5 20. axb5 f4 21. Nge2 Nd7 22.
Kc2 Nb6 23. b3 Bd7 24. Ra1 Qe8 25. Ra6 Rb8 26. Rha1 Bxb5 27. Nxb5 Qxb5 28. Nc3 Qe8 29. R1a2 g5 30. h3 h5 31. R2a5 Nc8 32. Ra8 Rxa8 33. Rxa8 Qd7 34. Na4 Kf7 35. Ra6 Ne7 36. Ba5 Qb5 37.
Ra7 Qe2+ 38. Kc3 Qe3+ 39. Kb2 Qe2+ 40. Ka3 Qb5 41. Bd8 Qb4+ 42. Ka2 c4 43. Rxe7+ Kg6 44.
Re6+ Kg7 45. Re7+ Kg6 46. Re6+ Kg7 47. Re7+ Kg6 1/2-1/2